 Dungeon Crawl Stone Soup version 0.31-a0-1576-ga3383bade6 (webtiles) character file.

Game seed: 7139851509534031389

518 experimilk the Skirmisher (level 7, -7/38 HPs)
             Began as a Kobold Hexslinger on Jan 5, 2024.
             Mangled by an iguana (11 damage)
             ... on level 5 of the Dungeon.
             The game lasted 00:07:35 (5029 turns).

experimilk the Skirmisher (Kobold Hexslinger)       Turns: 5029, Time: 00:07:35

Health: -7/38      AC:  8    Str:  6    XL:     7   Next: 45%
Magic:  6/8        EV: 15    Int: 14    God:
Gold:   505        SH:  0    Dex: 19    Spells: 3/8 levels left

rFire   . . .        a - +2 sling
rCold   . . .        (no shield)
rNeg    + . .        c - +0 robe
rPois   .            i - +0 helmet
rElec   .            j - +1 cloak
rCorr   .            p - +0 pair of gloves
SInv    +            t - +1 pair of boots
Will    .....        (no amulet)
Stlth   +++          f - ring of positive energy
HPRegen 0.26/turn    q - ring of willpower
MPRegen 0.11/turn

%: no passive effects
@: weak-willed
A: small, no large weapons, nightstalker 3
a: no special abilities


You were on level 5 of the Dungeon.
You visited 1 branch of the dungeon, and saw 5 of its levels.

You collected 505 gold pieces.

Inventory:

Hand Weapons
 a - a +2 sling (weapon)
Armour
 c - a +0 robe (worn)
 i - a +0 helmet (worn)
 j - a +1 cloak (worn)
 p - a +0 pair of gloves (worn)
 t - a +1 pair of boots (worn)
Jewellery
 f - a ring of positive energy (left hand)
 q - a ring of willpower (right hand)
 w - a ring of wizardry
Wands
 v - a wand of roots (8)
 x - a wand of polymorph (3)
Scrolls
 h - a scroll of fear
 k - 2 scrolls of amnesia
 o - 2 scrolls of poison
Potions
 b - a potion of cancellation {unknown}
 e - 4 potions of curing {unknown}
 g - a potion of might {unknown}
 l - 3 potions of brilliance {unknown}
 m - 2 potions of mutation {unknown}
 n - 2 potions of lignification {unknown}
 u - 2 potions of heal wounds {unknown}


   Skills:
 - Level 1.1 Fighting
 * Level 8.6 Ranged Weapons
 - Level 2.4 Dodging
 - Level 1.1 Spellcasting
 - Level 5.0 Hexes
 - Level 1.0 Fire Magic


You had 3 spell levels left.
You knew the following spells:

 Your Spells              Type           Power      Damage    Failure   Level
a - Sigil of Binding      Hex            14%        N/A       10%         3
z - Jinxbite              Hex            28%        N/A       4%          2

Your spell library contained the following spells:

 Spells                   Type           Power      Damage    Failure   Level
 Inner Flame              Hex/Fire       9%         N/A       22%         3
 Cause Fear               Hex            7%         N/A       32%         4
 Dimensional Bullseye     Hex/Tloc       3%         N/A       67%         4


Dungeon Overview and Level Annotations

Branches:
Dungeon (5/15)
 Temple: D:4-7

Altars:

Shops:
D:4 [

Annotations:
D:4 3 runed translucent doors


Innate Abilities, Weirdness & Mutations

You are small and have problems with some larger weapons.
You are completely attuned to the shadows.


Message History

* * * LOW HITPOINT WARNING * * *
Unknown command.
Aiming: Fastroot
Press: ? - help, Q - select action, (/) - cycle Shift-Dir - straight line, p - wight
Okay, then.
The wight attacks as it pursues you! The wight barely misses you.
Aiming: Fastroot
Press: ? - help, Q - select action, (/) - cycle Shift-Dir - straight line, f/p - wight
Aim: a wight, wielding a +2 dire flail and wearing a +0 robe (lightly damaged, chance to call a sprite on attack: 48%)
The roots erupt in riotous growth!
Roots grab the wight.
The grasping roots constrict the wight, but do no damage.
You hear a shout! x4
The wight hits you but does no damage.
You hear a bark!
You hear a shout!
Something shouts, "Escape, thou reeling-ripe nose-picking mish-mash!"
Unknown command.
Unknown command.
The grasping roots constrict the wight.
The wight struggles to escape constriction.
The grasping roots constrict the wight.
The roots release their grip on the wight.
The wight seems less drained.
The jinxing sprites lose interest in you.
An ogre comes into view. It is wielding a +0 giant club.
As you read the scroll labelled FYVVIXENUI, it crumbles to dust.
It is a scroll of enchant weapon.
Your +1 sling glows red for a moment.
The iguana bites you!
* * * LOW HITPOINT WARNING * * *
As you read the scroll labelled DYURYT SOEL, it dissolves into smoke.
It was a scroll of fog.
A scorpion comes into view.
The iguana barely misses you.
Unknown command.
As you read the scroll labelled ELLASOQEO, it crumbles to dust.
You feel aware of your surroundings.
You sensed 1 altar.
It was a scroll of revelation.
An ogre and a hound come into view.
The wight barely misses you. The iguana bites you!
You die...

*,,,,,,,,,,,,,,,,,,,*,,,*,,,,,
****#####*##########***,',,,,,
##..)###........####.#,,,,,
##.....##...#......##.#,,,,,
#.......#.).##.....##.#,,,,,
#.......'...##......#.#,,,,,
#)......#..z####......#,,z,,
##.....##§zl#########.#,..,,
########(.(###§§@###.,,**#.#...,,
.....#########§§O##(),,,*#z..#***
####......####§.§#...,,,,#.#.#
#.#......##...Oh..,,,,#.#.#
#.##.....##..s#...,,,,#..,#***
#.##......#...#*,,,,,*#.#,,,,,
#.####........#**,,,***,,,,,,,
#.################*** *,,,,,,,
#.#...<..........# **,,,,,,


You could see 2 ogres, a scorpion (wandering), an iguana, a hound (wandering)
and 2 wights.

Vanquished Creatures
  An ogre (D:5)
  A scorpion (D:4)
  A wight (D:5)
  A bombardier beetle (D:5)
  A jelly (D:3)
  Natasha (D:2)
  Terence (D:3)
  Robin (D:3)
  3 gnolls (D:5)
  7 adders
  A shadow imp (D:4)
  A white imp (D:5)
  A dart slug (D:4)
  2 ribbon worms
  4 orcs
  5 endoplasms
  A giant cockroach (D:2)
  11 goblins
  7 hobgoblins
  5 jackals
  2 quokkas
  9 ball pythons
  5 bats
  2 frilled lizards
  8 kobolds
  12 rats
94 creatures vanquished.

Notes
Turn   | Place    | Note
-------+----------+-------------------------------------------
     0 | D:1      | experimilk the Kobold Hexslinger began the quest for the
                  | Orb.
     0 | D:1      | Reached XP level 1. HP: 12/12 MP: 2/2
   518 | D:1      | Reached skill level 3 in Ranged Weapons
   550 | D:1      | Reached XP level 2. HP: 4/16 MP: 3/3
   908 | D:1      | Learned a level 2 spell: Jinxbite
  1057 | D:1      | Reached XP level 3. HP: 18/20 MP: 4/4
  1244 | D:1      | Reached skill level 4 in Ranged Weapons
  1574 | D:2      | Found a faded altar of an unknown god.
  2309 | D:2      | Noticed Natasha
  2314 | D:2      | Killed Natasha
  2315 | D:2      | Reached XP level 4. HP: 25/25 MP: 2/5
  2317 | D:2      | Reached skill level 5 in Ranged Weapons
  2746 | D:3      | Noticed Terence
  2754 | D:3      | Killed Terence
  2755 | D:3      | Reached XP level 5. HP: 26/29 MP: 3/6
  3040 | D:3      | Reached skill level 6 in Ranged Weapons
  3298 | D:3      | Noticed Robin
  3315 | D:3      | Killed Robin
  3460 | D:3      | Reached XP level 6. HP: 34/34 MP: 7/7
  3954 | D:4      | Found a runed translucent gate.
  3955 | D:4      | Found a runed translucent gate.
  3979 | D:4      | Reached skill level 7 in Ranged Weapons
  3997 | D:4      | Found a runed translucent gate.
  4008 | D:4      | Found Utzul's Antique Armour Emporium.
  4756 | D:5      | Entered Level 5 of the Dungeon
  4915 | D:5      | Noticed an ogre
  4922 | D:5      | Killed an ogre
  4923 | D:5      | Reached skill level 8 in Ranged Weapons
  4923 | D:5      | Reached skill level 5 in Hexes
  4923 | D:5      | Reached XP level 7. HP: 38/38 MP: 5/8
  4950 | D:5      | Learned a level 3 spell: Sigil of Binding
  5029 | D:5      | Mangled by an iguana

Illustrated notes

Levels and vault maps discovered:
D:1:      psy_arrival_radial02, layout_basic, minmay_gold_behind_fungi,
          minmay_rat_gold_closets
D:2:      layout_basic, dreamdust_ecumenical_altar_grove, uniq_natasha
D:3:      minmay_bubble_buster, layout_rooms, saegor_snake_ambush, uniq_terence,
          uniq_robin
D:4:      layout_rooms, gammafunk_ghost_necromancy, serial_bayou,
          serial_bayou_pond_e, serial_bayou_shore_a, serial_bayou_ford_a,
          serial_bayou_lagoon_b, serial_bayou_pond_e, serial_bayou_shore_b,
          serial_shops, shop, st_stairs_8, corexii_checkpoint,
          chequers_serial_rivers_small_3, kennysheep_generic_room_13
D:5:      minmay_opposing_rooms, layout_basic, lemuel_doored_altar

Skill      XL: |  1  2  3  4  5  6 |
---------------+-------------------+-----
Ranged Weapons | 3 4 5 6 8 |  8.6
Hexes          | 4 5 |  5.0
Fighting       | |  1.1
Dodging        | |  2.4
Spellcasting   | |  1.1
Fire Magic     | |  1.0

Action                     |  1- 3 |  4- 6 |  7- 9 || total
---------------------------+-------+-------+-------++-------
   Fire: Sling             |    85 |   177 |    25 ||   287
   Cast: Jinxbite          |     2 |     6 |     3 ||    11
  Evoke: Wand              |       |       |     1 ||     1
    Use: Scroll            |     1 |     2 |     3 ||     6
 Armour: Robe              |    23 |    35 |    14 ||    72
  Dodge: Dodged            |    64 |    98 |    19 ||   181

Table legend: (Time is in decaauts)
 A = Elapsed time spent in this place.
 B = Non-inter-level travel time spent in this place.
 C = Inter-level travel time spent in this place.
 D = Time resting spent in this place.
 E = Time spent auto-exploring this place.
 F = Levels seen in this place.
 G = Mean time per level.
                   A        B        C        D        E       F      G
               +--------+--------+--------+--------+--------+-----+--------+
         Total |   5164 |   4873 |    291 |    776 |   3475 |   5 | 1032.8 |
       Dungeon |   5164 |   4873 |    291 |    776 |   3475 |   5 | 1032.8 |
               +--------+--------+--------+--------+--------+-----+--------+

Top non-repeatable levels by time:
     D:1: 1758 daAuts
     D:2: 1140 daAuts
     D:4: 1002 daAuts
     D:3: 989 daAuts
     D:5: 273 daAuts
